 Dungeon Crawl Stone Soup version 0.32-a0-768-g0f6f1dd4b9 (webtiles) character file.

Game seed: 1412193407283740987

108 Alarak the Conjurer (level 4, -8/24 HPs)
             Began as a Deep Elf Earth Elementalist on Mar 18, 2024.
             Killed by nerve-wracking pain
             ... invoked by Grinder
              (12 damage)
             ... on level 3 of the Dungeon.
             The game lasted 00:02:31 (1141 turns).

Alarak the Conjurer (Deep Elf Earth Elementalist)   Turns: 1141, Time: 00:02:32

Health: -8/24      AC:  3    Str:  5    XL:     4   Next: 58%
Magic:  5/12       EV: 11    Int: 22    God:
Gold:   53         SH:  0    Dex: 15    Spells: 10/11 levels left

rFire   . . .        j - +0 club
rCold   . . .        g - orb {*Rage}
rNeg    . . .        a - +1 robe
rPois   .            (no helmet)
rElec   .            (no cloak)
rCorr   .            (no gloves)
SInv    .            (no boots)
Will    .....        (no amulet)
Stlth   ++           (no ring)
HPRegen 0.24/turn    (no ring)
MPRegen 0.13/turn

%: random rage (20%)
@: no status effects
A: no striking features
a: no special abilities


You were on level 3 of the Dungeon.
You visited 1 branch of the dungeon, and saw 4 of its levels.

You collected 53 gold pieces.

Inventory:

Hand Weapons
 j - a +0 club (weapon)
Armour
 a - a +1 robe (worn)
 g - an orb of wrath (worn)
Scrolls
 d - a scroll of enchant armour
 f - a scroll of enchant weapon {unknown}
 h - a scroll of torment {unknown}
Potions
 b - a potion of magic
 c - a potion of berserk rage {unknown}
 e - a potion of heal wounds {unknown}
 i - a potion of mutation {unknown}


   Skills:
 - Level 2.4 Dodging
 - Level 2.4 Stealth
 + Level 4.1 Spellcasting
 - Level 4.3 Conjurations
 - Level 3.2 Earth Magic


You had 10 spell levels left.
You knew the following spells:

 Your Spells              Type           Power      Damage    Failure   Level
a - Sandblast             Erth           38%        2d10      3%          1

Your spell library contained the following spells:

 Spells                   Type           Power      Damage    Failure   Level
 Stone Arrow              Conj/Erth      42%        3d9       7%          3
 Passwall                 Erth           19%        N/A       9%          3
 Brom's Barrelling Bould  Conj/Erth      21%        2d4       22%         4
 Petrify                  Alch/Erth      11%        N/A       50%         4


Dungeon Overview and Level Annotations

Branches:
Dungeon (4/15)
 Temple: D:4-7

Altars:

Annotations:
D:3 Grinder


Message History

Grinder grins, showing sharp teeth.
Grinder gestures at you. You resist with significant effort.
The blast of sand misses Grinder.
The blast of sand hits Grinder!
Grinder is moderately wounded.
The ball python bites you but does no damage.
The ball python barely misses you.
The blast of sand hits Grinder!
Grinder is moderately wounded.
Grinder completely misses you. The ball python closely misses you.
The ball python grabs you. The ball python constricts you.
Grinder gestures at you. Pain shoots through your body!
The ball python bites you but does no damage.
The ball python constricts you.
Casting: Sandblast (safe; 3% risk of failure)
Confirm with . or Enter, or press ? or * to list all spells.
Aiming: Sandblast (safe; 3% risk of failure)
Press: ? - help, Shift-Dir - straight line, f - ball python, p - Grinder
Aim: a ball python (constricting you, 80% to hit)
The blast of sand hits the ball python!
You kill the ball python!
Grinder sighs, "No one appreciates my work."
Grinder barely misses you.
Casting: Sandblast (safe; 3% risk of failure)
Confirm with . or Enter, or press ? or * to list all spells.
Aiming: Sandblast (safe; 3% risk of failure)
Press: ? - help, Shift-Dir - straight line, f - Grinder
Aim: Grinder (moderately wounded, 80% to hit)
The blast of sand misses Grinder.
Grinder hits you.
* * * LOW HITPOINT WARNING * * *
You writhe in agony.
* * * LOW HITPOINT WARNING * * *
Grinder sighs, "No one appreciates my work."
Grinder gestures at you. Pain shoots through your body!
Ouch! That really hurt!
You die...
Grinder sighs, "Dead already?
I want a refund."

......# ......# ......#
############ ......#
#....$.....#
......####..........####
....>..................#
.....†...............#.
......###........5...##
......# #.......@†....#
..†...#
####..#####.#...#
....###### ##... .......
........... .....
..#.S..
....############# ...
... ....# #.## ##
#..#### .# ##....#### ..
####....### .


You could see Grinder.

Vanquished Creatures
  A scorpion (D:3)
  2 dart slugs
  An orc (D:3)
  3 ball pythons
  5 endoplasms
  A giant cockroach (D:1)
  6 hobgoblins
  3 jackals (D:1)
  4 bats
  9 frilled lizards
  4 goblins
  5 kobolds
  2 rats (D:1)
46 creatures vanquished.

Notes
Turn   | Place    | Note
-------+----------+-------------------------------------------
     0 | D:1      | Alarak the Deep Elf Earth Elementalist began the quest for
                  | the Orb.
     0 | D:1      | Reached XP level 1. HP: 10/10 MP: 6/6
   141 | D:1      | Reached XP level 2. HP: 15/15 MP: 5/9
   674 | D:1      | Reached XP level 3. HP: 19/19 MP: 5/10
   912 | D:2      | You fall into a shaft and drop 2 floors!
  1081 | D:3      | Noticed a scorpion
  1085 | D:3      | Killed a scorpion
  1086 | D:3      | Reached XP level 4. HP: 24/24 MP: 8/12
  1128 | D:3      | Noticed Grinder
  1141 | D:3      | Killed from afar by Grinder

Illustrated notes

Levels and vault maps discovered:
D:1:      nicolae_arrival_somewhat_less_tricky_arrival, layout_rooms,
          minmay_lizard_king
D:2:      layout_basic, uniq_crazy_yiuf_cottage
D:3:      layout_rooms, nicolae_shop_vocational, uniq_grinder, uniq_terence
D:4:      layout_loops_ring, evilmike_ruin_ashenzari, uniq_natasha

Skill      XL: |  1  2  3 |
---------------+----------+-----
Spellcasting   | 4 |  4.1
Conjurations   | 2 4 |  4.3
Dodging        | |  2.4
Stealth        | |  2.4
Earth Magic    | |  3.2

Action                     |  1- 3 |  4- 6 || total
---------------------------+-------+-------++-------
   Cast: Sandblast         |    48 |     9 ||    57
    Use: Scroll            |     2 |       ||     2
 Armour: Robe              |     5 |     5 ||    10
  Dodge: Dodged            |     4 |     4 ||     8

Table legend: (Time is in decaauts)
 A = Elapsed time spent in this place.
 B = Non-inter-level travel time spent in this place.
 C = Inter-level travel time spent in this place.
 D = Time resting spent in this place.
 E = Time spent auto-exploring this place.
 F = Levels seen in this place.
 G = Mean time per level.
                   A        B        C        D        E       F      G
               +--------+--------+--------+--------+--------+-----+--------+
         Total |   1167 |   1097 |     70 |      0 |    907 |   4 |  291.8 |
       Dungeon |   1167 |   1097 |     70 |      0 |    907 |   4 |  291.8 |
               +--------+--------+--------+--------+--------+-----+--------+

Top non-repeatable levels by time:
     D:1: 911 daAuts
     D:3: 136 daAuts
     D:4: 101 daAuts
     D:2: 18 daAuts
